 Dungeon Crawl Stone Soup version 0.23-a0-667-gc184e93 (webtiles) character file.

30 Blackhawk the Poker (level 3, 0/30 HPs)
             Began as a Merfolk Monk on Jan 8, 2019.
             Killed by divine providence
             ... invoked by an orc priest
              (11 damage)
             ... on level 2 of the Dungeon.
             The game lasted 00:01:24 (1005 turns).

Blackhawk the Poker (Merfolk Monk)                  Turns: 1005, Time: 00:01:25

Health: 0/30       AC:  2    Str: 12    XL:     3   Next: 18%
Magic:  3/3        EV: 15    Int:  9    God:
Gold:   40         SH:  0    Dex: 16    Spells: 2/2 levels left

rFire    . . .     SeeInvis .   j - +2 dagger (venom)
rCold    . . .     Gourm    .   (no shield)
rNeg     . . .     Faith    .   b - +0 robe
rPois    .         Spirit   .   (no helmet)
rElec    .         Reflect  .   (no cloak)
rCorr    .         Harm     .   (no gloves)
MR       .....                  (no boots)
Stlth    ++........             (no amulet)
HPRegen  0.10/turn              (no ring)
MPRegen  0.08/turn              (no ring)

@: no status effects
A: change form in water, swift swim, stealthy swim
a: no special abilities


You were on level 2 of the Dungeon.
You were not hungry.

You visited 1 branch of the dungeon, and saw 2 of its levels.

You collected 40 gold pieces.

Inventory:

Hand Weapons
 a - a +0 spear
 j - a +2 dagger of venom (weapon)
Armour
 b - a +0 robe (worn)
Jewellery
 g - a cursed -5 ring of evasion {unknown}
Scrolls
 e - a scroll of teleportation {unknown}
 h - a scroll of immolation {unknown}
 i - a scroll of remove curse {unknown}
Potions
 f - a potion of mutation {unknown}
Comestibles
 c - a ration
 d - 3 chunks of flesh


   Skills:
 + Level 3.6 Fighting
 + Level 4.9 Polearms
 + Level 4.4 Dodging
 + Level 2.7 Stealth


You had 2 spell levels left.
You didn't know any spells.
Your spell library was empty.

Dungeon Overview and Level Annotations

Branches:
Dungeon (2/15)

Altars:


Message History

The adder barely misses you.
You are too injured to fight recklessly!
You are too injured to fight recklessly!
You are too injured to fight recklessly!
You are too injured to fight recklessly!
You are too injured to fight recklessly!
You are too injured to fight recklessly!
You are too injured to fight recklessly!
You are too injured to fight recklessly!
You are too injured to fight recklessly!
You are too injured to fight recklessly!
You are too injured to fight recklessly!
You are too injured to fight recklessly!
You are too injured to fight recklessly!
You are too injured to fight recklessly!
You are too injured to fight recklessly!
The bat completely misses you.
The orc priest calls down the wrath of Beogh upon you.
Beogh smites you!
You die...

#####..#.....# .#
.............####.####.#
........................
#.........#..#....####+#####
........#.#..#.#####........
#.###.#<#.#..#...# #.$....(.
..........######.###........
#.###.........##.##.†.......
#.#.....#####+##@##o........
#................Sob..).....
###.###..)).................
#. #..................... #.
#..............o...... #
#.....................
#..................[..
#############.......$.
#.........


You could see an orc priest, an orc wizard, an adder and a bat.

Vanquished Creatures
  A dart slug (D:2)
  An orc (D:2)
  2 giant cockroaches (D:1)
  4 goblins
  5 hobgoblins
  4 jackals (D:1)
  A kobold (D:1)
  2 bats (D:1)
  A frilled lizard (D:2)
  A rat (D:1)
22 creatures vanquished.

Notes
Turn   | Place    | Note
-------+----------+-------------------------------------------
     0 | D:1      | Blackhawk the Merfolk Monk began the quest for the Orb.
     0 | D:1      | Reached XP level 1. HP: 18/18 MP: 1/1
   202 | D:1      | Reached XP level 2. HP: 24/24 MP: 2/2
   917 | D:2      | Reached XP level 3. HP: 29/29 MP: 3/3
  1005 | D:2      | Killed from afar by an orc priest

Vault maps used:
D:1:      dpeg_arrival_simpleton_b, minmay_misc_feat_iff
D:2:      nicolae_ru_the_path_less_chosen

Action                   || total
-------------------------++-------
Melee: Spear             ||    79
       Dagger            ||    13
 Stab: Sleeping          ||     5
Armor: Robe              ||    12
Dodge: Dodged            ||    62

Table legend:
 A = Non-vault XP
 B = Vault XP
 C = Vault XP percentage of total XP
 D = Non-vault monster count
 E = Vault monster count
 F = Vault count percentage of total count
                 A         B        C        D         E       F
            +---------+---------+-------+---------+---------+-------
      Total |      43 |       0 |   0.0 |      22 |       0 |   0.0
            +---------+---------+-------+---------+---------+-------
        D:1 |      30 |       0 |   0.0 |      16 |       0 |   0.0
        D:2 |      13 |       0 |   0.0 |       6 |       0 |   0.0
            +---------+---------+-------+---------+---------+-------
